 Dungeon Crawl Stone Soup version 0.29.1 (webtiles) character file.

Game seed: 2108741945865267024

3543 croobank the Nimble (level 9, -7/42 HPs)
             Began as a Felid Summoner on Sept 13, 2022.
             Was an Initiate of Gozag.
             Killed from afar by Erica (34 damage)
             ... with a bolt of poison
             ... on level 8 of the Dungeon on Sept 14, 2022.
             The game lasted 01:35:55 (12452 turns).

croobank the Nimble (Felid Summoner)               Turns: 12452, Time: 01:35:56

Health: -7/42      AC:  3    Str:  4    XL:     9   Next: 82%
Magic:  5/19       EV: 23    Int: 20    God:    Gozag
Gold:   684        SH:  0    Dex: 17    Spells: 7/20 levels left
                                        Lives:  0   Deaths: 2

rFire   . . .      SeeInvis +   (weapon unavailable)
rCold   + . .      Faith    .   (shield unavailable)
rNeg    . . .      Spirit   .   (body armour unavailable)
rPois   .          Reflect  .   (helmet unavailable)
rElec   .          Harm     .   (cloak unavailable)
rCorr   .          Rampage  .   (gloves unavailable)
Will    +....                   (boots unavailable)
Stlth   +++.......              (no amulet)
HPRegen 0.14/turn               (no ring)
MPRegen 0.16/turn               (no ring)

@: lethally poisoned (-7 -> -27), quick
A: very small, claws 1, fangs 3, see invisible, speed 1, shaggy fur 3, stealthy
paws, no weapons or thrown items, no armour, multi-lived
a: Renounce Religion, Potion Petition, Call Merchant, Bribe Branch


You were on level 8 of the Dungeon.
You worshipped Gozag.
Gozag was pleased with you.
You visited 2 branches of the dungeon, and saw 9 of its levels.

You collected 789 gold pieces.
You paid 105 gold pieces to Gozag.

Inventory:

Jewellery
 a - a ring of magical power
 r - a ring of magical power
Wands
 h - a wand of polymorph (7)
 s - a wand of iceblast (18)
Scrolls
 b - 2 scrolls of fog
 c - 2 scrolls of vulnerability
 q - a scroll of summoning {unknown}
Potions
 d - 2 potions of heal wounds
 e - 4 potions of curing
 f - 2 potions of berserk rage
 j - a potion of lignification
 k - 2 potions of degeneration
 l - a potion of cancellation
 n - 2 potions of haste {unknown}
 o - a potion of flight {unknown}
 p - a potion of mutation
 t - a potion of brilliance {unknown}


   Skills:
 + Level 6.5 Fighting
 + Level 9.1 Dodging
 - Level 3.3 Stealth
 + Level 6.3 Spellcasting
 - Level 5.0 Hexes
 + Level 7.8 Summonings
 + Level 4.2 Air Magic


You had 7 spell levels left.
You knew the following spells:

 Your Spells              Type           Power      Damage    Failure   Level
a - Summon Small Mammal   Summ           100%       N/A       1%          1
b - Call Imp              Summ           37%        N/A       1%          2
c - Call Canine Familiar  Summ           37%        N/A       1%          3
d - Summon Guardian Gole  Hex/Summ       32%        N/A       2%          3
e - Summon Lightning Spi  Summ/Air       30%        N/A       9%          4

Your spell library contained the following spells:

 Spells                   Type           Power      Damage    Failure   Level
 Slow                     Hex            100%       N/A       1%          1
 Confusing Touch          Hex            26%        N/A       3%          3
 Sublimation of Blood     Necr           6%         N/A       16%         2
 Wereblood                Tmut           6%         N/A       16%         2
 Conjure Flame            Conj/Fire      6%         6-21      30%         3
 Ignite Poison            Fire/Tmut/Pois 6%         N/A       30%         3
 Vampiric Draining        Necr           6%         2d6       30%         3
 Petrify                  Tmut/Erth      6%         N/A       69%         4
 Sticky Flame             Conj/Fire      6%         2d3       69%         4
 Metabolic Englaciation   Hex/Ice        8%         N/A       69%         5
 Summon Hydra             Summ           18%        N/A       98%         7
 Statue Form              Tmut/Erth      4%         N/A       100%        6


Dungeon Overview and Level Annotations

Branches:
Dungeon (8/15)             Temple (1/1) D:6
   Lair: D:8-11

Altars:
Ashenzari
Cheibriados
Dithmenos
Elyvilon
Fedhas
Gozag
Hepliaklqana
Kikubaaqudgha
Makhleb
Nemelex Xobeh
Okawaru
Qazlal
Ru
Sif Muna
Trog
Uskayaw
Vehumet
Xom
Yredelemnul
Zin
The Shining One

Annotations:
D:8 Erica


Innate Abilities, Weirdness & Mutations

You have sharp claws.
You have razor-sharp teeth.
You have supernaturally acute eyesight. (SInv)
You cover ground quickly. (Speed+)
Your thick and shaggy fur keeps you warm. (AC +3, rC+)
Your paws help you pounce on unaware monsters.
You are incapable of wielding weapons or throwing items.
You cannot wear armour.
You gain extra lives every three experience levels.


Message History

g - Guard the area. f - Follow me.
Anything else - Cancel.
Gang up on whom?
Press: ? - help, Dir - move target, f/p - Erica
Aim: Erica, wielding a +4 scimitar of flaming and wearing a +1 robe of willpower (severely wounded, slightly transparent, not watching you, ally target) Attack!
Erica is invisible, and some of your allies can't see her.
Your wolf barely misses Erica.
Erica hits your wolf with a +4 scimitar of flaming!
Erica burns your wolf. What are your orders? t - Meow!
Orders for allies: a - Attack new target. p - Attack previous target. r - Retreat! s - Stop attacking. g - Guard the area. f - Follow me.
Anything else - Cancel.
Gang up on whom?
Press: ? - help, Dir - move target, f/p - Erica
Aim: Erica, wielding a +4 scimitar of flaming and wearing a +1 robe of willpower (severely wounded, slightly transparent, not watching you, ally target) Attack!
Erica is invisible, and some of your allies can't see her.
Your wolf bites Erica!
Your wolf barely misses Erica.
Erica gestures at your wolf while chanting.
The lance of force hits your wolf!
Your wolf is knocked back by the lance of force.
Your wolf slams into the rock wall!
Your wolf dies!
Your wolf's corpse disappears in a puff of smoke!
Casting: Call Canine Familiar (safe; 1% risk of failure)
Confirm with . or Enter, or press ? or * to list all spells.
Erica casts a spell at you.
The bolt of poison hits your lightning spire.
Your lightning spire completely resists.
The bolt of poison hits your guardian golem.
Your guardian golem completely resists.
The bolt of poison hits you!!
You are poisoned.
Ouch! That really hurt!
You die...
Your body crumbles into a pile of gold.

#. #.## ..# #.# . #.## ...
##..####....
#####........##.
#..#.@9.>8@.....
#...h...........
#......#........
##.....#........
###.....##........ $
#####.......######...#
######.....##....########..
......................#.....
.#####.......####...........


You could see Erica (invisible, ally target), a friendly guardian golem
(summoned), a friendly wolf (summoned) and a friendly lightning spire (summoned,
sheltered).

Vanquished Creatures
  A steam dragon (D:8)
  A bullfrog (D:7)
  A scorpion (D:5)
  Dowan (D:5)
  2 killer bees (D:8)
  A hound (D:5)
  An orc priest (D:5)
  An orc wizard (D:8)
  An adder (D:3)
  3 orcs
  A giant cockroach (D:2)
  A quokka (D:4)
  A bat (D:1)
  A goblin (D:8)
17 creatures vanquished.

Vanquished Creatures (collateral kills)
  A troll (D:8)
  A sky beast (D:6)
  A black bear (D:6)
  A phantom (D:6)
  A scorpion (D:5)
  2 necrophages
  A wight (D:8)
  2 killer bees (D:8)
  2 hounds (D:7)
  6 iguanas
  Jessica (D:3)
  Natasha (thrice) (D:3)
  4 orc wizards
  A nameless horror (D:4)
  2 adders
  A shadow imp (D:7)
  A white imp (D:7)
  An ufetubus (D:5)
  3 worms
  4 dart slugs
  8 orcs
  9 endoplasms
  7 giant cockroaches
  7 goblins
  6 hobgoblins
  2 jackals (D:1)
  A quokka (D:1)
  7 ball pythons
  3 bats
  7 frilled lizards
  7 kobolds
  12 rats
115 creatures vanquished.

Vanquished Creatures (others)
  Pikel (D:8)
  A wyvern (D:7)
  2 water moccasins (D:6)
  Duvessa (D:5)
  An ice beast (D:5)
  A swamp drake (D:7)
  A centaur (D:7)
  3 lemures (D:8)
  A necrophage (D:6)
  2 scorpions
  A gnoll sergeant (D:7)
  2 bullfrogs
  8 wights
  A killer bee (D:8)
  4 howler monkeys
  3 gnoll boudas
  5 iguanas
  17 gnolls
  An adder (D:6)
  An ufetubus (D:7)
  3 orcs
  3 goblins (D:8)
63 creatures vanquished.

Grand Total: 195 creatures vanquished

Notes
Turn   | Place    | Note
-------+----------+-------------------------------------------
     0 | D:1      | croobank the Felid Summoner began the quest for the Orb.
     0 | D:1      | Reached XP level 1. HP: 7/7 MP: 4/4
   212 | D:1      | Reached XP level 2. HP: 12/12 MP: 3/6
   215 | D:1      | Learned a level 2 spell: Call Imp
   311 | D:1      | Reached skill level 3 in Dodging
   989 | D:1      | Reached skill level 1 in Fighting
  1135 | D:1      | Reached XP level 3. HP: 15/15 MP: 4/7
  1344 | D:2      | Learned a level 3 spell: Call Canine Familiar
  2181 | D:2      | Found a basalt altar of Yredelemnul.
  2240 | D:2      | Found a faded altar of an unknown god.
  2756 | D:3      | Noticed Jessica
  2760 | D:3      | Killed Jessica
  2761 | D:3      | Reached XP level 4. HP: 7/19 MP: 2/8
  3140 | D:3      | Noticed Natasha
  3157 | D:3      | Killed Natasha
  3190 | D:3      | Noticed Natasha
  3197 | D:3      | Killed Natasha
  3198 | D:3      | Reached skill level 4 in Dodging
  3198 | D:3      | Reached XP level 5. HP: 20/22 MP: 2/10
  3207 | D:3      | Noticed Natasha
  3220 | D:3      | Killed Natasha
  3339 | D:3      | Learned a level 3 spell: Summon Guardian Golem
  4454 | D:4      | Reached skill level 1 in Hexes
  4475 | D:4      | Reached skill level 5 in Summonings
  4475 | D:4      | Gained mutation: You are covered in thick fur. (AC +2)
                  | [Felid growth]
  4475 | D:4      | Reached XP level 6. HP: 27/27 MP: 1/11
  5739 | D:5      | Entered Level 5 of the Dungeon
  5739 | D:5      | Noticed an ice beast
  5786 | D:5      | Killed an ice beast
  5787 | D:5      | Reached skill level 5 in Dodging
  5829 | D:5      | Reached XP level 7. HP: 18/31 MP: 11/13
  5930 | D:5      | Gained mutation: Your thick and shaggy fur keeps you warm.
                  | (AC +3, rC+) [potion of mutation]
  6498 | D:5      | Noticed Duvessa
  6811 | D:5      | Killed by an exploding themself... ignited by their inner
                  | flame
  6812 | D:5      | Reached XP level 6. HP: -4/28 MP: 2/13
  6812 | D:5      | Reached skill level 6 in Dodging
  6853 | D:5      | Reached XP level 7. HP: 32/32 MP: 10/14
  6914 | D:5      | Learned a level 4 spell: Summon Lightning Spire
  6921 | D:5      | Noticed Dowan
  6949 | D:5      | Killed Duvessa
  7163 | D:5      | Killed from afar by Dowan
  7164 | D:5      | Reached XP level 6. HP: -6/28 MP: 9/13
  7271 | D:5      | Found a hide-covered altar of Uskayaw.
  7379 | D:5      | Killed Dowan
  7380 | D:5      | Reached skill level 5 in Hexes
  7570 | D:5      | Reached XP level 7. HP: 15/33 MP: 7/14
  8187 | D:6      | Reached skill level 1 in Air Magic
  8246 | D:6      | Reached skill level 7 in Dodging
  8350 | D:6      | Reached skill level 5 in Spellcasting
  8520 | D:6      | Found a staircase to the Ecumenical Temple.
  8551 | D:6      | Reached skill level 5 in Fighting
  8551 | D:6      | Reached XP level 8. HP: 37/37 MP: 10/16
  8610 | Temple   | Entered the Ecumenical Temple
  8680 | Temple   | Became a worshipper of Gozag Ym Sagoz the Greedy
  9860 | D:7      | Found a broken altar of Ashenzari.
  9980 | D:7      | Noticed Maggie
  9984 | D:7      | Noticed Maggie
  9984 | D:7      | Maggie changed into Maggie the swamp drake
 10000 | D:7      | Killed Maggie the swamp drake
 10022 | D:7      | Reached skill level 8 in Dodging
 10696 | D:8      | Reached XP level 9. HP: 41/41 MP: 14/18
 11537 | D:8      | Noticed Pikel
 11565 | D:8      | Noticed a troll
 11809 | D:8      | Identified the +6 rapier of Eternal Vigilance {speed,
                  | Contam rC+ Dex+4}
 11933 | D:8      | Killed Pikel
 12032 | D:8      | Reached skill level 9 in Dodging
 12154 | D:8      | Killed a troll
 12436 | D:8      | Noticed Erica
 12452 | D:8      | Killed from afar by Erica

Illustrated notes

Levels and vault maps discovered:
D:1:      minmay_arrival_cross, layout_basic
D:2:      layout_loops_corners, basic_altar,
          hellmonk_ecumenical_altar_slurped_away
D:3:      cheibrodos_old_hovel, layout_loops_ring, portal_sewer_entry_e,
          serial_glass, glass_columns_c, glass_columns_b, due_unseen_surprise,
          minmay_strange_pillars, item_on_display_a, kennysheep_generic_room_7,
          uniq_natasha, uniq_jessica
D:4:      layout_basic, minmay_misc_feat_more_columns
D:5:      layout_cave_pools, lemuel_round_altar, uniq_duvessa
D:6:      layout_rooms, minmay_temple_entry_grid, hex_intersection
D:7:      layout_basic, evilmike_ruin_ashenzari, uniq_maggie
D:8:      layout_cave_pools, nicolae_wu_jian_glorious_leap, enter_bailey_5,
          nrook_pool_corridor, uniq_erica, uniq_pikel
Temple:   compressed_dpeg_triangle_lava_temple

Skill      XL: |  1  2  3  4  5  6  7  8  9 |
---------------+----------------------------+-----
Stealth        | 3 |  3.3
Dodging        | 3 4 6 7 8 9 |  9.1
Fighting       | 1 2 4 5 6 |  6.5
Spellcasting   | 3 5 6 |  6.3
Hexes          | 1 5 4 |  5.0
Summonings     | 5 6 7 |  7.8
Air Magic      | 2 3 4 |  4.2

Action                   |  1- 3 |  4- 6 |  7- 9 || total
-------------------------+-------+-------+-------++-------
Melee: Unarmed           |    10 |    41 |    54 ||   105
       Bite              |     1 |     5 |     9 ||    15
       Punch             |       |     1 |     1 ||     2
 Cast: Summon Small Mamm |    50 |    44 |    41 ||   135
       Call Imp          |    18 |    22 |    12 ||    52
       Call Canine Famil |     7 |    17 |    43 ||    67
       Summon Guardian G |       |    12 |    61 ||    73
       Summon Lightning  |       |     1 |     5 ||     6
Evoke: Wand              |       |     9 |     8 ||    17
  Use: Scroll            |       |    13 |     8 ||    21
       Potion            |       |     2 |     7 ||     9
 Stab: Distracted        |     1 |     2 |     1 ||     4
       Sleeping          |       |     1 |       ||     1
Armor: Skin              |       |     4 |     7 ||    11
Dodge: Dodged            |    18 |    62 |   125 ||   205
